[Event "25th Mediterranean Flower 2025"]
[Site "Rijeka"]
[Date "2025.03.02"]
[Round "1.1"]
[White "Ivekovic, Tihana"]
[Black "Rakhmangulova, Anastasiya"]
[Result "0-1"]
[Annotator "ChessBase"]
[ECO "E68"]
[WhiteElo "2089"]
[BlackElo "2324"]
[PlyCount "56"]
[EventDate "2025.03.02"]
[EventType "tourn"]
[EventCountry "CRO"]
[SourceTitle "playchess.com"]
[Source "ChessBase"]
[SourceQuality "1"]
[TimeControl "5400+30"]

1. d4 d6 2. Nf3 Nd7 3. c4 g6 4. Nc3 Bg7 5. g3 e5 6. Bg2 exd4 7. Nxd4 Ngf6 8. O-O O-O 9. e4 Re8 10. h3 Nc5 11. Re1 a5 12. Ndb5 Bd7 13. Bg5 h6 14. Bxf6 Bxf6 15. Qd2 Bg7 16. Rad1 h5 17. h4 a4 18. Nd4 c6 19. Qc2 Qc7 20. Nde2 Bg4 21. Rd2 a3 22. b4 Nd7 23. Red1 Ne5 24. Rxd6 Nxc4 25. R6d4 Bxd4 26. Rxd4 Ne5 27. Nd5 Qd8 28. Ne3 Qf6 0-1

[Event "25th Mediterranean Flower 2025"]
[Site "Rijeka"]
[Date "2025.03.02"]
[Round "1.2"]
[White "Skuhala, Barbara"]
[Black "Zagorac, Lara"]
[Result "1/2-1/2"]
[Annotator "NA"]
[ECO "C55"]
[WhiteElo "2115"]
[BlackElo "2061"]
[PlyCount "95"]
[EventDate "2025.03.02"]
[EventType "tourn"]
[EventCountry "CRO"]
[SourceTitle "playchess.com"]
[Source "ChessBase"]
[SourceQuality "1"]
[TimeControl "5400+30"]

1. e4 e5 2. Nf3 Nc6 3. Bc4 Nf6 4. d3 Be7 5. c3 d6 6. h3 O-O 7. O-O Kh8 8. Re1 Ng8 9. d4 f5 10. dxe5 fxe4 11. Rxe4 Rxf3 12. Bxg8 Rf8 13. Bb3 Nxe5 14. Bc2 Bf5 15. Rf4 Qd7 16. Rxf5 Rxf5 17. Bxf5 Qxf5 18. Na3 Rf8 19. Qe2 d5 20. Nc2 c5 21. Ne3 Qf7 22. Bd2 d4 23. cxd4 cxd4 24. Nd1 Bf6 25. a3 Nc4 26. Rc1 b5 27. Qd3 Be5 28. Bb4 Re8 29. g3 a5 30. Bc5 Qh5 31. Kg2 Bxg3 32. Bxd4 Bf4 33. Ne3 Bxe3 34. Bxe3 Nxe3+ 35. fxe3 Qg5+ 36. Kh1 h6 37. Rc3 Qg3 38. Qd7 Rf8 39. Rc8 Qf3+ 40. Kh2 Qf2+ 41. Kh1 Qf1+ 42. Kh2 b4 43. axb4 axb4 44. Rxf8+ Qxf8 45. Qd4 Qf2+ 46. Kh1 Qf1+ 47. Kh2 Qf2+ 48. Kh1 1/2-1/2

[Event "25th Mediterranean Flower 2025"]
[Site "Rijeka"]
[Date "2025.03.02"]
[Round "1.3"]
[White "Berke, Ana"]
[Black "Kejzar, Petra"]
[Result "1/2-1/2"]
[Annotator "NA"]
[ECO "D02"]
[WhiteElo "2119"]
[BlackElo "2052"]
[PlyCount "39"]
[EventDate "2025.03.02"]
[EventType "tourn"]
[EventCountry "CRO"]
[SourceTitle "playchess.com"]
[Source "ChessBase"]
[SourceQuality "1"]
[TimeControl "5400+30"]

1. d4 d5 2. Bf4 Nf6 3. e3 e6 4. c3 c5 5. Nd2 Nc6 6. Ngf3 Be7 7. Bd3 O-O 8. h3 b6 9. O-O Bb7 10. Re1 Bd6 11. Bxd6 Qxd6 12. Rc1 e5 13. dxe5 Nxe5 14. Nxe5 Qxe5 15. Qc2 Rad8 16. e4 dxe4 17. Nxe4 Nxe4 18. Bxe4 Bxe4 19. Qxe4 Qxe4 20. Rxe4 1/2-1/2

[Event "25th Mediterranean Flower 2025"]
[Site "Rijeka"]
[Date "2025.03.02"]
[Round "1.4"]
[White "Hajdinic, Ema"]
[Black "Medic, Mirjana"]
[Result "1/2-1/2"]
[Annotator "NA"]
[ECO "C01"]
[WhiteElo "1914"]
[BlackElo "2069"]
[PlyCount "84"]
[EventDate "2025.03.02"]
[EventType "tourn"]
[EventCountry "CRO"]
[SourceTitle "playchess.com"]
[Source "ChessBase"]
[SourceQuality "1"]
[TimeControl "5400+30"]

1. e4 e6 2. d4 d5 3. exd5 exd5 4. Nf3 Nf6 5. Bd3 c5 6. O-O c4 7. Re1+ Be7 8. Bf1 O-O 9. b3 cxb3 10. axb3 Nc6 11. Ne5 Be6 12. Ba3 Bxa3 13. Nxc6 Qb6 14. Rxa3 Qxc6 15. Bd3 a6 16. b4 Qd6 17. c3 Bg4 18. f3 Bh5 19. Ra2 Bg6 20. Rae2 a5 21. Bxg6 hxg6 22. bxa5 Rxa5 23. Rb2 b6 24. Qb3 Nd7 25. Qb4 Qc6 26. Na3 Rfa8 27. Nb5 Ra1 28. Rxa1 Rxa1+ 29. Rb1 Rxb1+ 30. Qxb1 Nf6 31. g4 g5 32. Qd3 Nd7 33. Na7 Qe6 34. Nc8 Nf8 35. Qf5 Qe3+ 36. Kf1 Qc1+ 37. Kf2 Qd2+ 38. Kf1 Qd1+ 39. Kf2 Qd2+ 40. Kf1 Ne6 41. Ne7+ Kf8 42. Nxd5 Kg8 1/2-1/2

[Event "25th Mediterranean Flower 2025"]
[Site "Rijeka"]
[Date "2025.03.02"]
[Round "1.5"]
[White "Vidic, Teja"]
[Black "Doluhanova, Evgeniya"]
[Result "1/2-1/2"]
[Annotator "ChessBase"]
[ECO "C45"]
[WhiteElo "2088"]
[BlackElo "2272"]
[PlyCount "113"]
[EventDate "2025.03.02"]
[EventType "tourn"]
[EventCountry "CRO"]
[SourceTitle "playchess.com"]
[Source "ChessBase"]
[SourceQuality "1"]
[TimeControl "5400+30"]

1. e4 e5 2. Nf3 Nc6 3. d4 exd4 4. Nxd4 Qf6 5. Be3 Bc5 6. c3 Bb6 7. Bc4 Qg6 8. O-O d6 9. Nb5 Bg4 10. Be2 Bxe2 11. Qxe2 Rc8 12. Bxb6 axb6 13. c4 Nf6 14. N1c3 O-O 15. f4 Rfe8 16. Rae1 h5 17. Qf3 Nb4 18. Re2 Na6 19. Rfe1 Nd7 20. Nd4 Nac5 21. a3 Ne6 22. Nf5 Qg4 23. Qxg4 hxg4 24. g3 g6 25. Nh6+ Kg7 26. Nxg4 Nd4 27. Rf2 f5 28. Rd1 c5 29. Ne3 Nf6 30. Nc2 Nxe4 31. Nxe4 Rxe4 32. Nxd4 cxd4 33. b3 d5 34. cxd5 Rd8 35. Rc2 Rxd5 36. Rc7+ Kh6 37. Rxb7 d3 38. Rd2 Re1+ 39. Kf2 Rh1 40. Kg2 Rc1 41. Kf2 Rh1 42. Rxb6 Rxh2+ 43. Ke3 Rh3 44. Kf3 Rh1 45. Rc6 Rf1+ 46. Kg2 Ra1 47. a4 Rd8 48. Rc3 Re8 49. Rcxd3 Ree1 50. Kf2 Rg1 51. Rf3 Kh5 52. Rd6 Rgf1+ 53. Kg2 Rg1+ 54. Kf2 Rgf1+ 55. Kg2 Rg1+ 56. Kf2 Rgf1+ 57. Kg2 1/2-1/2

[Event "25th Mediterranean Flower 2025"]
[Site "Rijeka"]
[Date "2025.03.03"]
[Round "2.1"]
[White "Rakhmangulova, Anastasiya"]
[Black "Doluhanova, Evgeniya"]
[Result "1/2-1/2"]
[Annotator "TA"]
[WhiteElo "2324"]
[BlackElo "2272"]
[PlyCount "34"]
[EventDate "2025.03.02"]
[EventType "tourn"]
[EventCountry "CRO"]
[SourceTitle "playchess.com"]
[Source "ChessBase"]
[SourceQuality "1"]
[TimeControl "5400+30"]

1. e4 e5 2. Nf3 Nc6 3. Nc3 Nf6 4. d4 exd4 5. Nxd4 Bb4 6. Nxc6 bxc6 7. Bd3 d5 {[%emt 0:00:06] The position is equal.} 8. exd5 {[%emt 0:00:08] C47: Scotch Four Knights and Four Knights with 4 g3.} O-O 9. O-O cxd5 {[%emt 0:00:50] Not much happened in this game.   Weighted Error Value: White=0.05 (flawless) /Black=0.00 (flawless)   OK:         	---       	Black=2} 10. h3 $146 h6 11. Qf3 Be6 12. Bf4 Bd6 13. Nb5 Bxf4 14. Qxf4 c5 15. Nc7 Rb8 16. Nxe6 fxe6 17. b3 Nh5 {½-½ Vidit,S (2726)-Erigaisi,A (2797) EU-Cup 39th Vrnjacka Banja 2024 (6.1)} 1/2-1/2

[Event "25th Mediterranean Flower 2025"]
[Site "Rijeka"]
[Date "2025.03.03"]
[Round "2.2"]
[White "Medic, Mirjana"]
[Black "Vidic, Teja"]
[Result "1/2-1/2"]
[Annotator "TA"]
[ECO "D12"]
[WhiteElo "2069"]
[BlackElo "2088"]
[PlyCount "145"]
[EventDate "2025.03.02"]
[EventType "tourn"]
[EventCountry "CRO"]
[SourceTitle "playchess.com"]
[Source "ChessBase"]
[SourceQuality "1"]
[TimeControl "5400+30"]

1. d4 d5 2. c4 c6 3. e3 Nf6 4. Nc3 Bf5 5. Nf3 e6 6. Nh4 Be4 7. f3 Bg6 8. Qb3 Qc7 9. Nxg6 {[%emt 0:01:43] D12: Slav Defence: 3 Nf3 Nf6 4 e3 Bf5.} hxg6 10. cxd5 cxd5 11. Bd2 a6 12. Rc1 Nc6 $1 13. Na4 Nd7 $146 (13... Bd6 14. h3 Bg3+ 15. Kd1 g5 16. Nc5 Ra7 17. Qc3 Ne7 18. Bd3 g4 19. Kc2 gxf3 20. gxf3 {1-0 Ren,X (2078)-Ning,D (1498) CHN-chT (Women) 2023 (3.2)}) 14. Nc5 (14. Bd3 $11) 14... Bxc5 $17 (14... Rxh2 $2 15. Rxh2 (15. Qxb7 Qxb7 16. Nxb7 Rxh1 $19) 15... Bxc5 (15... Nxc5 $2 16. dxc5 g5 17. Kd1 $18) 16. dxc5 $18) 15. dxc5 Rc8 (15... Rxh2 $2 16. Rxh2 O-O-O 17. Rh3 $18) (15... O-O-O $15 {should be considered.} 16. h3 Qg3+ 17. Ke2 d4) 16. Be2 $11 g5 (16... Rxh2 17. Rxh2 Qxh2 18. Qxb7 Rc7) 17. Kf2 (17. g3 $11 {remains equal.}) 17... g4 (17... Rxh2 $6 18. Rxh2 Qxh2 19. Qxb7 $16) 18. f4 (18. fxg4 $15 Nf6 (18... Rxh2 19. Rxh2 Qxh2 20. Qxb7 $16) 19. Bf3) 18... Nf6 19. Bd3 e5 20. g3 Kf8 (20... Rd8 21. Kg2 Kf8 22. h3 Ne4) 21. Qa4 Re8 22. Rce1 exf4 (22... Qd7 23. Bc3 d4 24. exd4 exf4 (24... exd4 $2 25. Rxe8+ Qxe8 26. Bxd4 $19)) 23. exf4 $17 Rxe1 (23... Re7 {seems wilder.} 24. Kg2 Rh5 25. Re3 Rxe3 26. Bxe3 Qe7) 24. Bxe1 Qe7 25. Qa3 (25. Bd2 $17) 25... Ne4+ 26. Kf1 (26. Kg2 {is the only way for White.}) 26... g6 (26... Nxc5 27. Bb1) (26... Qxc5 27. Qxc5+ Nxc5 28. Bf5 $11) 27. b4 Kg7 (27... Rh3 $17 28. Kg2 d4) 28. Qb2+ $15 d4 {[%emt 0:00:49][%csl Od4] Black has a strong passed pawn} 29. Qe2 Re8 30. a3 (30. Bxe4 $142 Qxe4 31. Qxe4 Rxe4 32. h3 gxh3 33. Bd2) 30... f5 $17 31. h3 Qd7 (31... Qf7 $1 $19 {[%cal Oe4g3] Strongly threatening ...Nxg3+!.} 32. Bc4 Nd2+ 33. Bxd2 Rxe2 34. Bxf7 Rxd2) 32. Qc2 $2 (32. Bxe4 $17 fxe4 (32... Rxe4 $2 33. Qh2 $19) 33. hxg4) 32... Qd5 $19 {[%emt 0:00:35][%cal Oe4g3] ( -> ...Nxg3+!)} 33. Rh2 $2 (33. Qg2 Qb3 34. Qc2 Qxa3 35. hxg4) 33... Nf6 (33... Nxg3+ $142 34. Bxg3 Qf3+ 35. Bf2 g3 (35... gxh3 36. Qd2 $18)) 34. Bf2 Qf3 35. Kg1 $2 (35. Be2 {was worth a try.} Qxa3 36. b5 axb5 (36... Nb4 $2 37. Qd2 $19) 37. hxg4 Nxg4 38. Bxg4 fxg4 39. Qd1 Qxc5 (39... Qf3 $2 40. Qxf3 gxf3 41. Be1 $19) 40. Qxg4) 35... Ne4 $2 (35... gxh3 36. Rxh3 Ng4) 36. Be2 $2 (36. Qe2) 36... Qxa3 37. hxg4 Nxg3 $2 {[%emt 0:01:24] Excellent horsemanship.} (37... Qxb4 38. gxf5 Nxf2 (38... gxf5 39. Rh5 $17) (38... Qxc5 39. Qxc5 Nxc5 40. Bf3 $16) 39. Rxf2 $17) (37... Nxf2 $19 38. Rxf2 Qxg3+ 39. Kf1 fxg4 (39... Nxb4 $2 40. Qa4 $19)) 38. Bd1 $2 (38. Bd3 $1 $15) 38... d3 (38... Nxb4 39. Qd2 (39. Bxd4+ Kf8 $18) 39... Qd3 40. Bxd4+ Kf8 41. Rh8+ Kf7 42. Rh7+ Kg8 43. Rg7+ Kf8 44. Qxd3 Re1+ 45. Kg2 Nxd3 46. Kxg3 $11) (38... fxg4 $19 39. Bxg4 Ne4 (39... Nxb4 40. Bxd4+ Kf8 41. Rh8+ Ke7 42. Rxe8+ Kxe8 43. Qxg6+ Kd8 44. Qd6+ Ke8 45. Bd7+ Kf7 46. Qf6+ Kg8 47. Qg7#)) 39. Qc4 $17 Qa1 {[%emt 0:01:27] Wards off Bd4+} (39... Qxb4 $2 40. Bd4+ (40. Qxd3 $2 Rd8 $19) (40. Qxb4 Nxb4 41. Bxg3 fxg4 $16) 40... Kf8 (40... Nxd4 41. Qxb4 Re4 42. Qxb7+ Kf6 43. g5+ Ke6 44. Bb3+ Nxb3 45. Qc6+ Kf7 46. Rh7+ Kg8 47. Qxg6+ Kf8 48. Qf7#) 41. Rh8+ Ke7 42. Rh7+ Kd8 43. Qd5+ Kc8 44. Qd7+ Kb8 45. Qxe8+ $18) (39... Ne2+ $1 $17 40. Bxe2 Qa1+ (40... dxe2 41. Bd4+ $11) 41. Kg2 (41. Bf1 $2 d2 $19) 41... dxe2 (41... Rxe2 42. Qxd3 Nd4 43. Kg3 $11) 42. Rh7+ Kxh7 43. Qf7+ Qg7 (43... Kh6 44. g5+ Kh5 45. Qh7+ Kg4 46. Qh4#) 44. Qxe8 Nxb4 (44... fxg4 45. Qxe2 Qd7 46. Qc4 $17) 45. Qxe2 Nd5) 40. Rh7+ $1 $11 Kxh7 41. Qf7+ Qg7 42. Qxe8 Ne4 $36 {[%emt 0:00:34][%mdl 2048] Black is pushing.} (42... Ne2+ {simplifies} 43. Bxe2 dxe2 44. Qxe2 Qd7) 43. Be3 $2 (43. gxf5 $1 $11 gxf5+ 44. Kf1) 43... Nxb4 $2 (43... Qe7 $19 44. Qc8 Nc3 (44... Nxb4 $2 45. Bd4 $18)) 44. Qd8 $15 Nc2 45. Qh4+ Kg8 46. Qd8+ {[%emt 0:00:03] [#]} Kh7 (46... Qf8 $1 $17 47. Qd5+ Kh8 48. Bxc2 dxc2) 47. Qh4+ $11 Kg8 ({Black should play} 47... Qh6 $11 48. Qe7+ Qg7) 48. Qd8+ $17 {[%emt 0:00:05] [#]} Qf8 $1 49. Qd5+ Kh8 50. Bxc2 (50. Qe5+ $142 Kh7 51. Qc7+ Qg7 52. Qd8) 50... dxc2 {[%emt 0:00:12][%mdl 4096] Endgame KQB-KQN. Black is two pawns up.} 51. Bd4+ (51. Qc4 $17) 51... Kh7 $19 52. Qc4 $2 (52. Qd7+ Kh6 53. g5+ Nxg5 (53... Kh5 54. Qh7+ Kg4 55. Kg2 $11) 54. fxg5+ Kh5 55. Qh7+ Kxg5 (55... Kg4 $2 56. Kg2 $19) 56. Be3+ f4 57. Bc1) 52... fxg4 53. Be3 {[%emt 0:00:56] Prevents Nd2} Qf5 54. Qxc2 Qd5 55. Qh2+ Kg8 56. Qe2 {[%emt 0:00:33] Prevents Qd1+} Nc3 ({Less strong is} 56... Nxc5 57. Qxg4 Kf7 58. Qc8 $19) (56... g3 $142 57. c6 Qxc6 (57... bxc6 58. Qxa6 Kf7 59. Qa1 $19)) 57. Qxg4 Qd1+ $2 (57... Qf5 $19 58. Qf3 Qe6) 58. Qxd1 $11 {[%emt 0:00:08] The position is equal.} Nxd1 {[%emt 0:00:03] KB-KN. Black is a pawn up.} 59. Bd4 {[%emt 0:00:09] Hoping for Kf1.} Kf7 60. Kf1 Ke6 61. Ke2 Kd5 62. Bg7 Kxc5 63. Kxd1 {[%emt 0:00:01] KB-K3P} Kc4 64. Kc2 a5 65. Kb2 b5 66. Bf6 Kd3 67. Kb3 Ke4 68. Bg5 Kd3 69. Bh6 Kd4 70. Bg5 Ke4 71. Bh6 Kd3 72. Bg5 Kd4 73. Bh6 {[%emt 0:00:06] Black had all chances to win.   Weighted Error Value: White=0.68/Black=0.61  Loses game:     	White=2     	---        Missed win:     	---       	Black=3      Mistake:       	White=13    	Black=11     Inaccurate:     	White=4     	Black=4      OK:         	White=18    	Black=17     Best:        	White=4     	Black=8      Strong:       	White=1     	Black=2} 1/2-1/2

[Event "25th Mediterranean Flower 2025"]
[Site "Rijeka"]
[Date "2025.03.03"]
[Round "2.3"]
[White "Kejzar, Petra"]
[Black "Hajdinic, Ema"]
[Result "0-1"]
[Annotator "TA"]
[ECO "E05"]
[WhiteElo "2052"]
[BlackElo "1914"]
[PlyCount "62"]
[EventDate "2025.03.02"]
[EventType "tourn"]
[EventCountry "CRO"]
[SourceTitle "playchess.com"]
[Source "ChessBase"]
[SourceQuality "1"]
[TimeControl "5400+30"]

1. d4 Nf6 2. c4 e6 3. Nf3 d5 4. g3 Be7 5. Bg2 O-O 6. O-O dxc4 7. Qc2 a6 8. Rd1 {[%emt 0:00:12][%cal Of3e5] E05: Open Catalan: 5 Nf3 Be7.} Bd7 ({Better is} 8... b5 $11) 9. Qxc4 $14 Bc6 10. Nc3 {[%emt 0:00:41] White is slightly better.} b5 11. Qb3 b4 12. Nb1 $146 (12. Na4 Qe8 13. Nc5 Bxc5 14. dxc5 Ba4 15. Qd3 Bxd1 16. Qxd1 Nc6 17. Bg5 Rd8 18. Qa4 {0-1 Korobov,A (2666)-Hayrapetyan,H (2432) Titled Tuesday intern op 20th Feb Early blitz 2024 (7)}) 12... Bd5 13. Qc2 Be4 $36 {[%emt 0:00:50][%mdl 2048] Black has good play.} 14. Qd2 Nbd7 15. Qe1 Nd5 16. Nbd2 (16. Qf1 $11) 16... Bc2 $17 17. e4 N5b6 {[%emt 0:01:04][%cal Oc7c5] Black is much more active.} 18. b3 c5 19. Bb2 Bxd1 20. Rxd1 cxd4 21. Nxd4 Rc8 {[%emt 0:00:49] Prevents Nc6.} 22. e5 Nd5 23. h4 (23. Bxd5 $17 {is a better defense.} exd5 24. N2f3) 23... Bc5 24. N2f3 (24. Ne4 $17) 24... Qa5 $19 25. Qe4 Rfd8 ({Don't play} 25... Qxa2 26. Rd2 $19) 26. Ng5 Nf8 (26... Qxa2 27. Qxh7+ Kf8 28. Ngxe6+ (28. Qh8+ Ke7 $18) 28... fxe6 29. Nxe6+ Ke8 30. Nxg7+ (30. Rxd5 Qxb2 31. Nxg7+ Kf8 $18) 30... Ke7 31. Nf5+ (31. Ne6+ Ke8 $18) 31... Ke8 32. e6) 27. Bh3 $2 {[%emt 0:06:40] [#]} (27. Qf3 Rd7 (27... Qxa2 28. Qxf7+ Kh8 29. Ndxe6 $16) 28. Rd2) 27... Bxd4 {[%emt 0:03:33] Black is clearly winning.} 28. Bxd4 h6 29. Nxf7 Kxf7 30. Rd3 Kg8 31. Rf3 Nc3 {[%emt 0:01:33] Weighted Error Value: White=0.58/Black=0.10 (very precise)   Mistake:       	White=4     	Black=1      Inaccurate:     	White=3     	---        OK:         	White=7     	Black=12     Best:        	White=1     	Black=2} 0-1

[Event "25th Mediterranean Flower 2025"]
[Site "Rijeka"]
[Date "2025.03.03"]
[Round "2.4"]
[White "Zagorac, Lara"]
[Black "Berke, Ana"]
[Result "0-1"]
[Annotator "TA"]
[ECO "D02"]
[WhiteElo "2061"]
[BlackElo "2119"]
[PlyCount "126"]
[EventDate "2025.03.02"]
[EventType "tourn"]
[EventCountry "CRO"]
[SourceTitle "playchess.com"]
[Source "ChessBase"]
[SourceQuality "1"]
[TimeControl "5400+30"]

1. Nf3 d5 2. g3 g6 3. Bg2 Bg7 4. d4 c5 5. O-O cxd4 6. Nxd4 {[%emt 0:00:20][%cal Oc2c4] D02: 1 d4 d5 2 Nf3 sidelines, including 2...Nf6 3 g3 and 2...Nf6 3 Bf4.} e5 7. Nb5 a6 8. N5c3 {[%emt 0:07:45] The position is equal.} d4 9. Nd5 Nc6 10. e3 Be6 $146 ({Predecessor:} 10... Nge7 11. Nxe7 Qxe7 12. exd4 Nxd4 13. Nc3 Be6 14. Nd5 Bxd5 15. Bxd5 e4 16. c3 Rd8 17. Bxf7+ Qxf7 18. cxd4 Rxd4 {0-1 Sanchez Guirado,F (2335)-Moskalenko,V (2505) Aviles op 1992}) 11. c4 Nge7 12. exd4 exd4 13. Bg5 O-O 14. Re1 h6 $1 15. Nxe7+ {[%emt 0:05:23] A sharp opening} Nxe7 16. Bxe7 Qxe7 17. Bd5 Qf6 $1 18. Nd2 Bxd5 $1 19. cxd5 Rad8 20. Ne4 Qb6 21. d6 f5 $1 22. Nd2 Qxd6 (22... Rxd6 $2 23. Nc4 Qd8 24. Nxd6 Qxd6 25. Qb3+ Kh7 26. Qxb7 $18) 23. Qb3+ Qd5 24. Qb6 (24. Re7 $142) 24... Rd6 $36 {[%emt 0:03:25][%mdl 2048] Black is on the roll.} 25. Qb4 a5 26. Qc4 Qxc4 (26... d3 $142 27. Rad1 Bxb2) 27. Nxc4 Rd5 28. a4 f4 29. Rad1 d3 30. Nb6 (30. Kf1 $15) 30... Rd4 $19 31. b3 fxg3 32. hxg3 {[%emt 0:00:24] [#]} Rfd8 (32... d2 33. Re2 $17) (32... Rdd8 $1 $19 33. Nc4 Bd4) 33. Nc4 $17 R4d5 34. Re3 Bc3 (34... Bd4 $17 {...b5 would now be deadly.} 35. Rf3 g5) 35. Kg2 h5 36. Kf3 Kf7 {[%emt 0:02:56] Black is more active.} 37. Ke4 Rd4+ 38. Kf3 R4d7 39. Ke4 $2 {[%emt 0:02:28] Now White is beyond hope.} (39. Nb6 $15 Rd4 40. Nc4) 39... Re7+ 40. Kf3 Rxe3+ 41. Kxe3 $19 {[%emt 0:00:08][%mdl 4096] Endgame [#] KRB-KRN. Black is a pawn up.} d2 42. f4 $2 (42. Ke2) 42... Kf6 43. Kf3 Rd3+ 44. Ke4 Rxg3 45. Ne3 (45. Nxd2 $142 Bxd2 46. Rxd2) 45... Ke6 46. Nd5 Bb4 47. Nxb4 axb4 48. Rxd2 Rxb3 {[%emt 0:00:17] KR-KR. Black is two pawns up.} 49. Rd8 Ra3 50. Re8+ Kd6 51. Rd8+ Kc7 52. Rg8 (52. Rd4 $142 Rxa4 53. Kd3) 52... Rg3 53. Rg7+ Kb6 54. Rd7 b3 55. Rd5 Kc6 {[%emt 0:00:46][%cal Og3e3] ( -> ...Re3+!)} 56. Rb5 h4 57. f5 gxf5+ (57... h3 $142 58. Kf4 Rc3 (58... h2 $2 59. Kxg3 h1=Q 60. Rxb3 $19)) 58. Kf4 Rc3 {[%emt 0:00:20] ( -> ...h3)} 59. Rxf5 h3 {[%emt 0:00:15] Black mates.} 60. Ke4 h2 61. Kd4 h1=Q ({Less strong is} 61... h1=R 62. Rf6+ Kc7 63. Kxc3 $17) 62. Rf6+ Kd7 63. Kxc3 Qa1+ {[%emt 0:02:22] Weighted Error Value: White=0.51/Black=0.13 (very precise)   Loses game:     	White=1     	---        Mistake:       	White=5     	Black=3      Inaccurate:     	White=6     	Black=2      OK:         	White=13    	Black=20     Best:        	White=1     	Black=2      Strong:       	---       	Black=4} 0-1

[Event "25th Mediterranean Flower 2025"]
[Site "Rijeka"]
[Date "2025.03.03"]
[Round "2.5"]
[White "Ivekovic, Tihana"]
[Black "Skuhala, Barbara"]
[Result "0-1"]
[Annotator "TA"]
[ECO "D03"]
[WhiteElo "2089"]
[BlackElo "2115"]
[PlyCount "54"]
[EventDate "2025.03.02"]
[EventType "tourn"]
[EventCountry "CRO"]
[SourceTitle "playchess.com"]
[Source "ChessBase"]
[SourceQuality "1"]
[TimeControl "5400+30"]

1. d4 Nf6 2. Nf3 e6 3. Bg5 d5 4. Nbd2 c5 5. e3 h6 6. Bh4 Bd6 7. c3 Nbd7 8. Bd3 O-O 9. O-O {[%emt 0:03:18] D03: 1 d4 d5 2 Nf3 Nf6 3 Bg5, including Torre Attack with early ...d5.} Re8 10. Re1 e5 {[%emt 0:02:47] Threatens to win with ...e4.} 11. e4 $146 {[%emt 0:10:12] White is slightly better.} (11. dxe5 Nxe5 12. Nxe5 Bxe5 13. Nf3 Bc7 14. Qc2 Bg4 15. Bh7+ Kh8 16. Bf5 Bxf3 17. gxf3 {½-½ Popov,G (2218)-Enchev,I (2418) Bobotsov Memorial 2nd 2010 (3)}) 11... cxd4 12. cxd4 exd4 13. exd5 (13. Bxf6 {simplifies} Qxf6 14. exd5 Rxe1+ 15. Qxe1 Qd8 16. Rd1) 13... Ne5 (13... Rxe1+ $11 {remains equal.} 14. Qxe1 Bb4) 14. Bb5 (14. Nxe5 $16 Rxe5 15. Ne4) 14... Nxf3+ $14 15. Qxf3 Rxe1+ 16. Rxe1 {[%emt 0:00:06] Strongly threatening Bxf6. A sharp opening} g5 17. Ne4 $1 Nxe4 18. Rxe4 Bd7 {[%emt 0:00:24] Dodges Re8+} 19. Bxd7 Qxd7 20. Bg3 f5 (20... Bxg3 $6 21. hxg3 Re8 (21... Qxd5 $2 22. Re8+ Rxe8 23. Qxd5 $18) 22. Kh2 $16 (22. Rxd4 Qd6 $18)) (20... Bf8 $14) 21. Re6 $1 $16 (21. Rxd4 $2 Re8 (21... f4 $2 22. Bxf4 gxf4 23. Qh5 $19) 22. h4 Re1+ (22... f4 $2 23. Bxf4 Re1+ 24. Kh2 $19) 23. Kh2 f4 24. Bxf4 Bxf4+ (24... gxf4 $2 25. Re4 $19) 25. g3 Be5 $19) 21... f4 22. Rg6+ ({White has to play} 22. Bxf4 $1 $16 Bxf4 23. g3) 22... Kf8 $2 {[%emt 0:02:54] [#]} (22... Kh8 $1 $11 23. Rxh6+ Kg7) 23. Qe4 $4 {[%emt 0:14:18][%mdl 8192] [#]} Re8 $2 $40 {[%emt 0:00:34][%mdl 128] Black has some attack.} (23... fxg3 $2 24. Rxh6 (24. Rf6+ Kg8 $11) 24... gxf2+ (24... gxh2+ $2 25. Kh1 $18) 25. Kxf2 $18) (23... Rc8 $1 $19 {[%cal Rc8c1] ( -> ...Rc1+)} 24. Rf6+ Kg8 25. Bxf4 (25. Qg6+ $2 Qg7 $19) 25... Bxf4) 24. Rf6+ $11 (24. Qxd4 $2 Re1#) 24... Kg8 (24... Kg7 $5 25. Qg6+ $8 (25. Qxd4 $2 Re1#) 25... Kh8 $11) 25. Rg6+ $2 (25. Qxd4 $2 Re1#) (25. Qg6+ $11 Kh8 26. f3 (26. Rxd6 $2 Re1#) (26. Qxh6+ $2 Qh7 $19) 26... fxg3 27. hxg3 (27. Rxd6 $2 Re1#) (27. Qxh6+ $2 Qh7 $19) 27... Bxg3 28. Qxh6+ Qh7 29. Rf8+ Rxf8 30. Qxf8+ Qg8 31. Qh6+ Qh7 32. Qf8+) 25... Kf7 $19 {[%emt 0:00:46] Black is clearly winning.} 26. Re6 (26. Qb1 $142 d3 (26... fxg3 $2 27. Rxh6 gxf2+ 28. Kxf2 $19) 27. Re6 (27. Rxh6 $2 {loses.} Bf8 $19) 27... Rxe6 (27... fxg3 $2 28. hxg3 Rxe6 29. dxe6+ Qxe6 30. Qxd3 $19) 28. dxe6+ Qxe6 29. Qxd3) 26... Rxe6 ({Not} 26... fxg3 27. Qh7+ Kf8 28. Rf6+) 27. dxe6+ Qxe6 {[%emt 0:02:48] Weighted Error Value: White=0.77/Black=0.60  Loses game:     	White=1     	Black=1      Missed win:     	White=1     	Black=1      Mistake:       	White=3     	Black=2      Inaccurate:     	---       	Black=1      OK:         	White=3     	Black=7      Best:        	White=1     	Black=3      Strong:       	White=2     	---} 0-1

[Event "25th Mediterranean Flower 2025"]
[Site "Rijeka"]
[Date "2025.03.03"]
[Round "3.1"]
[White "Skuhala, Barbara"]
[Black "Rakhmangulova, Anastasiya"]
[Result "1-0"]
[Annotator "RC"]
[ECO "C41"]
[WhiteElo "2115"]
[BlackElo "2324"]
[PlyCount "57"]
[EventDate "2025.03.02"]
[EventType "tourn"]
[EventCountry "CRO"]
[SourceTitle "playchess.com"]
[Source "ChessBase"]
[SourceQuality "1"]
[TimeControl "5400+30"]

1. e4 d6 2. d4 Nf6 3. Nc3 e5 4. Nf3 Nbd7 5. g4 exd4 6. Nxd4 Nc5 7. g5 Nfd7 8. Be3 g6 9. Qd2 Bg7 10. Be2 O-O 11. O-O-O Re8 12. f3 c6 13. h4 Qe7 14. h5 d5 15. hxg6 hxg6 16. Rh4 Nf8 17. Rdh1 dxe4 18. f4 Be6 19. b4 Ncd7 20. Nxe6 Nxe6 21. Nxe4 Rad8 22. Bc4 f5 23. Bd4 fxe4 24. f5 gxf5 25. Rh8+ Kf7 26. g6+ Kxg6 27. Rxe8 Rxe8 28. Bxe6 Qg5 29. Bf7+ 1-0